 Dungeon Crawl Stone Soup version 0.22-a0-197-g4ac3794 (webtiles) character file.

31 vishdafish the Vexing (level 3, 26/26 HPs)
             Began as a Demonspawn Arcane Marksman on Feb 18, 2018.
             Quit the game on level 1 of the Dungeon.
             The game lasted 00:01:59 (896 turns).

vishdafish the Vexing (Demonspawn Arcane Marksman)   Turns: 896, Time: 00:02:00

Health: 26/26      AC:  3    Str: 11    XL:     3   Next: 7%
Magic:  4/4        EV: 12    Int: 14    God:
Gold:   0          SH:  0    Dex: 13    Spells: 3/4 levels left

rFire    . . .     SeeInvis .   d - +0 club (curse)
rCold    . . .     Gourm    .   (no shield)
rNeg     . . .     Faith    .   e - +1 robe
rPois    .         Spirit   .   (helmet restricted)
rElec    .         Reflect  .   (no cloak)
rCorr    .         Harm     .   (no gloves)
MR       .....                  (no boots)
Stlth    +.........             (no amulet)
HPRegen  0.08/turn              (no ring)
MPRegen  0.09/turn              (no ring)

@: no status effects
A: horns 2
a: no special abilities


You were on level 1 of the Dungeon.
You were not hungry.

You visited 1 branch of the dungeon, and saw 1 of its levels.

Inventory:

Hand Weapons
 a - a +0 hand crossbow
 d - a cursed +0 club (weapon)
Missiles
 b - 10 bolts
Armour
 e - a +1 robe (worn)
 h - a +0 cloak
Books
 c - a book of Debilitation

   Spells                             Type                      Level
   a - Corona                         Hexes                        1
   b - Slow                           Hexes                        2
   c - Inner Flame                    Hexes/Fire                   3
   d - Portal Projectile              Hexes/Translocation          3
   e - Cause Fear                     Hexes                        4
   f - Leda's Liquefaction            Hexes/Earth                  4
Comestibles
 f - 3 rations


   Skills:
 + Level 1.1 Fighting
 + Level 2.6 Crossbows
 + Level 1.9 Dodging
 + Level 0.1 Stealth
 + Level 1.0 Spellcasting
 + Level 3.4 Hexes


You had 3 spell levels left.
You knew the following spells:

 Your Spells              Type           Power        Failure   Level  Hunger
a - Corona                Hex            ##.....      6%          1    ##.....


Dungeon Overview and Level Annotations

Branches:
Dungeon (1/15)

Altars:


Innate Abilities, Weirdness & Mutations

You have a pair of horns on your head.


Message History

The giant cockroach bites you.
There is an open door here.
You hit the giant cockroach.
The giant cockroach is heavily wounded.
The giant cockroach barely misses you. The giant cockroach closely misses you.
You hit the giant cockroach.
The giant cockroach is severely wounded.
The giant cockroach closely misses you. The giant cockroach bites you.
You hit the giant cockroach.
You kill the giant cockroach!
You hit the hobgoblin.
The hobgoblin is heavily wounded.
The hobgoblin closely misses you.
You hit the hobgoblin.
You kill the hobgoblin!
Things that are here:
a club; a hobgoblin corpse You start resting.
HP restored.
Are you sure you want to abandon this character and quit the game? (Confirm with "yes".)

#..............#
###.##
#....#+##......#
#...(รท
#............###
#.#.##
###............#
# #.#.
#...)..........#
..#.
#..............#
...#.
#...)###'##...##
....#. #....
#.##...# .....#.
#.... #@)....+
#.....#. #....
#.##...# . ##
#.... ### ####
.. # ..... ...##
...... .#...
..... .....
+##.. .....


There were no monsters in sight!

Vanquished Creatures
  A dart slug (D:1)
  A giant cockroach (D:1)
  5 goblins (D:1)
  4 hobgoblins (D:1)
  6 kobolds (D:1)
  4 bats (D:1)
  A frilled lizard (D:1)
  5 rats (D:1)
27 creatures vanquished.

Notes
Turn   | Place    | Note
-------+----------+-------------------------------------------
     0 | D:1      | vishdafish the Demonspawn Arcane Marksman began the quest for the Orb.
     0 | D:1      | Reached XP level 1. HP: 15/15 MP: 2/2
   187 | D:1      | Gained mutation: You have a pair of small horns on your head. [demonic ancestry]
   187 | D:1      | Reached XP level 2. HP: 20/21 MP: 3/3
   456 | D:1      | HP: 1/21 [kobold (1)]
   507 | D:1      | HP: 1/21 [kobold (4)]
   814 | D:1      | Gained mutation: You have a pair of horns on your head. [demonic ancestry]
   814 | D:1      | Reached XP level 3. HP: 22/26 MP: 4/4
   896 | D:1      | Quit the game

Vault maps used:
D:1:      evilmike_arrival_home_sweet_home, serial_bayou_pond_b, st_stairs_12

Skill      XL: |  1 |
---------------+----+-----
Crossbows      | 2 |  2.6
Fighting       | |  1.1
Dodging        | |  1.9
Stealth        | |  0.1
Spellcasting   | |  1.0
Hexes          | |  3.4

Action                   || total
-------------------------++-------
Melee: Club              ||    28
       Hand crossbow     ||     1
       Headbutt          ||     1
 Fire: Hand crossbow     ||    52
  Use: Scroll            ||     2
       Potion            ||     1
Armor: Robe              ||    11
Dodge: Dodged            ||    51

Table legend:
 A = Spawn XP
 B = Non-spawn XP
 C = Spawn XP percentage of total XP
 D = Spawn monster count
 E = Non-spawn monster count
 F = Spawn count percentage of total count
 G = Total turns spent on level
                    A         B        C        D         E        F      G
               +---------+---------+-------+---------+---------+-------+---------
         Total |       0 |      45 |   0.0 |       0 |      27 |   0.0 |   896
               +---------+---------+-------+---------+---------+-------+---------
           D:1 |       0 |      45 |   0.0 |       0 |      27 |   0.0 |   896
               +---------+---------+-------+---------+---------+-------+---------
